 Dungeon Crawl Stone Soup version 0.17-a0-1596-g1e86911 (webtiles) character file.

5251 Gruud the Frost Mage (level 10, 0/56 HPs)
             Began as a Demonspawn Ice Elementalist on July 27, 2015.
             Was an Elder of Qazlal.
             Slain by a wyvern (13 damage)
             ... on level 10 of the Dungeon on July 30, 2015.
             The game lasted 01:21:13 (8983 turns).

Gruud the Frost Mage (Demonspawn Ice Elementalist)  Turns: 8983, Time: 01:21:14

Health: 0/56       AC:  9    Str: 10    XL:     10   Next: 36%
Magic:  4/11       EV: 12    Int: 17    God:    Qazlal [****..]
Gold:   571        SH:  5    Dex: 15    Spells: 4 memorised, 2 levels left

rFire  . . .     SeeInvis +     V - +1 battleaxe
rCold  . . .     Clarity  +     F - +2 leather armour {rPois}
rNeg   . . .     SustAt   .     (no shield)
rPois  +         Gourm    .     t - +0 helmet
rElec  .         Spirit   .     (no cloak)
rCorr  .         Warding  .     I - +0 pair of gloves
rMut   .         Stasis   .     (no boots)
MR     +....                    (no amulet)
Stlth  ++........               r - ring of stealth
                                Y - ring of protection from magic

@: repel missiles, somewhat resistant to hostile enchantments, unstealthy
A: talons 2, icy blue scales 1, see invisible, blink 1, clarity, demonic
guardian 1, frail 1, low mp 1, powered by death 1, screaming 1, shaggy fur 1,
spit poison 1
a: Spit Poison, Blink, Upheaval, Elemental Force, Renounce Religion


You were on level 10 of the Dungeon.
You worshipped Qazlal.
Qazlal was greatly pleased with you.
You were not hungry.

You visited 2 branches of the dungeon, and saw 11 of its levels.
You also visited: Ossuary.

You collected 571 gold pieces.

Inventory:

Hand weapons
 a - a +0 dagger of venom
 b - a +0 blowgun
 g - a +0 hunting sling
 p - a +1 whip of freezing
 s - a +0 glaive
 H - a +2 dagger of protection
 L - a +2 dagger of flaming
 V - a +1 battleaxe (weapon)
Missiles
 e - 298 stones (quivered)
 h - 53 poisoned needles
 k - 14 needles of confusion
 U - 3 tomahawks of dispersal
 X - 2 throwing nets
Armour
 t - a +0 helmet (worn)
 F - a +2 leather armour of poison resistance (worn)
 I - a +0 pair of gloves (worn)
 Z - a +2 robe of cold resistance
Magical staves
 K - an uncursed staff of fire
Jewellery
 r - a ring of stealth (right hand)
 D - an uncursed ring of ice {unknown}
 Y - a ring of protection from magic (left hand)
Magical devices
 y - a wand of digging (1)
 M - a wand of fireball (8)
 R - a wand of disintegration (13)
 S - a wand of confusion (15)
Scrolls
 f - 3 scrolls of noise
 j - 3 scrolls of fog
 l - 8 scrolls of teleportation
 x - a scroll of enchant weapon
 z - a scroll of recharging
 A - 2 scrolls of fear
 Q - a scroll of remove curse
Potions
 m - a potion of curing
 n - 2 potions of degeneration {unknown}
 q - a potion of resistance {unknown}
 u - 2 potions of lignification
 v - a potion of flight
 B - a potion of agility
 C - a potion of invisibility {unknown}
 E - 4 potions of haste
 G - 2 potions of magic
 N - a potion of heal wounds {unknown}
 O - 2 potions of might {unknown}
 P - a potion of beneficial mutation {unknown}
 T - 3 potions of brilliance
 W - a potion of berserk rage {unknown}
Books
 d - a book of Frost

   Spells                             Type                      Level
   a - Freeze                         Ice                          1
   b - Throw Frost                    Conjuration/Ice              2
   c - Ozocubu's Armour               Charms/Ice                   3
   d - Throw Icicle                   Conjuration/Ice              4
   e - Summon Ice Beast               Ice/Summoning                4
   f - Condensation Shield            Ice                          4
 w - a book of Clouds

   Spells                             Type                      Level
   a - Mephitic Cloud                 Conjuration/Poison/Air       3
   b - Conjure Flame                  Conjuration/Fire             3
   c - Poisonous Cloud                Conjuration/Poison/Air       6
   d - Freezing Cloud                 Conjuration/Ice/Air          6
   e - Ring of Flames                 Charms/Fire                  7
Comestibles
 c - 3 bread rations
 i - 3 chunks of flesh
 o - 8 meat rations
 J - 6 fruits


   Skills:
 - Level 1.7 Dodging
 - Level 1.7 Stealth
 + Level 2.0 Spellcasting
 * Level 10.5 Conjurations
 * Level 10.6 Ice Magic


You had 2 spell levels left.
You knew the following spells:

 Your Spells              Type           Power        Failure   Level  Hunger
a - Freeze                Ice            ####         1%          1    #......
b - Throw Icicle          Conj/Ice       #####...     3%          4    #####..
c - Ozocubu's Armour      Chrm/Ice       ###.....     12%         3    ###....
d - Conjure Flame         Conj/Fire      ###.....     12%         3    ###....


Dungeon Overview and Level Annotations

Branches:
Dungeon (10/15)            Temple (1/1) D:5
   Lair: D:8-11         Orc: D:9-12

Altars:
Ashenzari
Cheibriados
Dithmenos
Elyvilon
Fedhas
Gozag
Kikubaaqudgha
Makhleb
Nemelex Xobeh
Okawaru
Qazlal
Ru
Sif Muna
Trog
Vehumet
Xom
Yredelemnul
Zin
The Shining One
Lugonu

Shops:
D:5 :   D:10 (


Innate Abilities, Weirdness & Mutations

You have razor-sharp toenails.
You are partially covered in icy blue scales (AC +1).
A weak demonic guardian rushes to your aid.
You regenerate a little health from kills.
You have supernaturally acute eyesight.
You can translocate small distances at will.
You possess an exceptional clarity of mind.
You are frail (-10% HP).
Your magical capacity is low (-10% MP).
You occasionally shout uncontrollably at your foes.
You are covered in fur (AC +1).
You can spit weak poison.


Message History

Your white imp gestures at the wyvern zombie.
The puff of frost hits the wyvern zombie.
The wyvern zombie resists.
The wyvern zombie bites your white imp! The wyvern bites you!
* * * LOW HITPOINT WARNING * * *
Your white imp hits the wyvern zombie but does no damage.
Unknown command.
The wyvern zombie bites your white imp.
Your white imp dies!
The wyvern misses you.
Unknown command.
Unknown command.
Unknown command.
The wyvern zombie is engulfed in roaring flames.
The wyvern bites you but does no damage.
The wyvern zombie is engulfed in roaring flames.
You destroy the wyvern zombie!
Qazlal accepts your kill. The wyvern bites you!
You die...

######.## #'#####
#.......# #.....#
#.......# #.###.#
#.......# ...# #.#
#.......# #.#.# #.#
#.......# ######.#.. #.#
#...§.5.# #...>+.#####.#
#...§.§l###.))# .#.....#
#.....§.@...#.♣#.#.###.#
#....§..####♣.∩.♣#.# ..+
######### ##♣..#.# ###
##...# ##.<# #...# #.#.#
#.#[. ######


You could see a wyvern and a friendly quasit.

Vanquished Creatures
  Erolcha (D:8)
  An ugly thing (D:8)
  A two-headed ogre (D:8)
  3 yaks (D:9)
  Eustachio (D:5)
  A hippogriff (D:9)
  3 orc warriors
  4 ice beasts
  4 ogres
  A black bear (D:6)
  A necrophage (D:8)
  A centaur (D:9)
  A phantom (D:9)
  A big kobold (D:10)
  2 giant frogs
  2 elf zombies (Ossuary)
  A wyvern zombie (D:10)
  4 scorpions
  3 crimson imps
  A human zombie (Ossuary)
  3 hounds
  A quasit (D:9)
  3 centaur zombies
  2 giant frog zombies
  2 jellies
  2 iguanas
  3 orc priests
  8 orc wizards
  2 giant frog skeletons
  8 worker ants
  A big kobold zombie (Ossuary)
  A hound skeleton (D:6)
  A hound zombie (D:9)
  2 mummies (Ossuary)
  Robin (D:2)
  8 gnolls
  6 adders
  3 shadow imps
  4 oozes
  2 adder zombies
  2 worms
  4 giant geckos
  31 orcs
  14 bats
  3 bat skeletons
  A bat zombie (D:7)
  3 giant cockroaches
  24 hobgoblins
  15 jackals
  19 kobolds
  2 ball pythons
  3 giant gecko skeletons
  5 giant newts
  2 gnoll zombies (D:2)
  22 goblins
  2 goblin zombies (Ossuary)
  11 hobgoblin zombies (Ossuary)
  3 jackal zombies (Ossuary)
  10 kobold zombies (Ossuary)
  4 orc zombies (Ossuary)
  5 quokkas
  2 quokka skeletons
  14 rats
  A rat zombie (Ossuary)
302 creatures vanquished.

Vanquished Creatures (collateral kills)
  A black bear (D:6)
  2 ogres
  2 orcs
  A ball python (D:8)
  A jackal (D:4)
7 creatures vanquished.

Grand Total: 309 creatures vanquished

Notes
Turn   | Place    | Note
--------------------------------------------------------------
     0 | D:1      | Gruud the Demonspawn Ice Elementalist began the quest for the Orb.
     0 | D:1      | Reached XP level 1. HP: 13/13 MP: 3/3
   108 | D:1      | Reached skill level 3 in Ice Magic
   383 | D:1      | Gained mutation: You are partially covered in icy blue scales (AC +1). [demonic ancestry]
   383 | D:1      | Reached XP level 2. HP: 16/19 MP: 5/5
   885 | D:2      | Gained mutation: You have sharp toenails. [demonic ancestry]
   885 | D:2      | Reached XP level 3. HP: 18/24 MP: 0/6
   952 | D:2      | Learned a level 2 spell: Throw Frost
   956 | D:2      | Learned a level 3 spell: Ozocubu's Armour
  1001 | D:2      | Reached skill level 4 in Ice Magic
  1419 | D:2      | Noticed Robin
  1438 | D:2      | Killed Robin
  1438 | D:2      | Gained mutation: You have razor-sharp toenails. [demonic ancestry]
  1438 | D:2      | Reached XP level 4. HP: 21/30 MP: 7/7
  1755 | D:2      | Found a basalt altar of Yredelemnul.
  1913 | D:3      | Reached XP level 5. HP: 26/35 MP: 2/8
  2098 | D:3      | Gained mutation: Your magical capacity is low (-10% MP). [potion of mutation]
  2098 | D:3      | Gained mutation: You occasionally shout uncontrollably at your foes. [potion of mutation]
  2098 | D:3      | Gained mutation: You have supernaturally acute eyesight. [potion of mutation]
  2175 | D:3      | Found an iron altar of Okawaru.
  2209 | D:3      | Found a shadowy altar of Dithmenos.
  2336 | D:3      | Reached skill level 5 in Ice Magic
  2697 | D:4      | Got a pair of spiked boots
  2703 | D:4      | Identified the +1 pair of boots of Levity {-Cast rElec Regen+ Dex+3} (You found it on level 4 of the Dungeon)
  2803 | D:4      | Gained mutation: A weak demonic guardian rushes to your aid. [demonic ancestry]
  2803 | D:4      | Reached XP level 6. HP: 28/41 MP: 3/8
  2883 | D:4      | Noticed an ogre
  2906 | D:4      | Killed an ogre
  3270 | D:5      | Entered Level 5 of the Dungeon
  3406 | D:5      | Noticed Eustachio
  3428 | D:5      | Killed Eustachio
  3498 | D:5      | Reached skill level 6 in Ice Magic
  3522 | D:5      | Reached XP level 7. HP: 46/46 MP: 7/9
  3597 | D:5      | Found a staircase to the Ecumenical Temple.
  3607 | Temple   | Entered the Ecumenical Temple
  3645 | Temple   | Became a worshipper of Qazlal Stormbringer
  4000 | D:5      | Reached skill level 5 in Conjurations
  4008 | D:5      | Learned a level 3 spell: Conjure Flame
  4043 | D:5      | Found Ucridyoc's Book Shop.
  4087 | D:5      | Found a shimmering altar of Xom.
  4322 | D:6      | Acquired Qazlal's first power
  4390 | D:6      | Reached skill level 7 in Ice Magic
  4425 | D:6      | Found a sand-covered staircase.
  4430 | Ossuary  | Entered an ossuary
  4580 | Ossuary  | Reached XP level 8. HP: 45/52 MP: 6/9
  4636 | Ossuary  | Acquired Qazlal's second power
  4870 | D:6      | Found an ancient bone altar of Kikubaaqudgha.
  5029 | D:6      | Found a glowing silver altar of Zin.
  5248 | D:6      | Reached skill level 8 in Ice Magic
  5358 | D:7      | Gained mutation: You are mostly covered in icy blue scales (AC +3, EV -1). [potion of mutation]
  5358 | D:7      | Gained mutation: You can spit weak poison. [potion of mutation]
  5358 | D:7      | Gained mutation: You are frail (-10% HP). [potion of mutation]
  5466 | D:7      | Found a white marble altar of Elyvilon.
  5520 | D:7      | Found a sparkling altar of Nemelex Xobeh.
  5542 | D:7      | Gained mutation: You possess an exceptional clarity of mind. [potion of mutation]
  5542 | D:7      | Lost mutation: You are mostly covered in icy blue scales (AC +3, EV -1). [potion of mutation]
  5542 | D:7      | Gained mutation: You can translocate small distances at will. [potion of mutation]
  5543 | D:7      | Gained mutation: You are covered in fur (AC +1). [potion of mutation]
  5612 | D:7      | Found a radiant altar of Vehumet.
  5655 | D:7      | Acquired Qazlal's third power
  5769 | D:7      | Reached XP level 9. HP: 17/51 MP: 2/10
  6131 | D:7      | Learned a level 4 spell: Throw Icicle
  6131 | D:7      | Found a glowing golden altar of the Shining One.
  6251 | D:8      | Found a snail-covered altar of Cheibriados.
  6364 | D:8      | Noticed Erolcha
  6375 | D:8      | Killed Erolcha
  6375 | D:8      | Reached skill level 9 in Conjurations
  7036 | D:9      | Noticed a cyan ugly thing
  7075 | D:9      | HP: 2/51 [orc warrior/glaive (16)]
  7172 | D:8      | Reached skill level 10 in Ice Magic
  7890 | D:9      | Gained mutation: You regenerate a little health from kills. [demonic ancestry]
  7890 | D:9      | Reached XP level 10. HP: 54/56 MP: 7/11
  8161 | D:9      | Acquired Qazlal's fourth power
  8208 | D:8      | Reached skill level 10 in Conjurations
  8244 | D:8      | Killed a brown ugly thing
  8659 | D:9      | Found a deep blue altar of Sif Muna.
  8883 | D:10     | Entered Level 10 of the Dungeon
  8910 | D:10     | Found Dihaodd's Weapon Shop.
  8959 | D:10     | Upgraded the game from 0.17-a0-1582-ge6b0260 to 0.17-a0-1596-g1e86911
  8983 | D:10     | Slain by a wyvern

Vault maps used:
D:1:      saegor_arrival_simple_c
D:2:      kennysheep_goblin_castle, lemuel_zombie_altar_yredelemnul, first_bread
D:3:      lemuel_doored_altar, lemuel_crystal_altar
D:4:      mrwooster_statue_mirror, corexii_hall_statues_t
D:5:      lemuel_coloured_pillars_altar, minmay_temple_entry_trees,
          serial_shops, nicolae_shop_crystal, uniq_eustachio
D:6:      zin_treasury, kiku_gazebo_garden_becter,
          nicolae_ossuary_entry_false_entrances
D:7:      overflow_temple_1_default, nicolae_overflow_crystal_walls,
          basic_altar, grunt_ogre_cave, elyvilon_altar_3
D:8:      overflow_temple_1_default, uniq_erolcha
D:9:      nicolae_overflow_hidden_temple, lightli_fourway_metalbox
D:10:     lair_0_dummy, serial_shops, nicolae_shop_trees, worms_lemuel,
          uniq_josephine, uniq_nergalle, uniq_grum
Temple:   corrupted_temple
Ossuary:  ossuary_tomb_1

Action                   |  1- 3 |  4- 6 |  7- 9 | 10-12 || total
-------------------------+-------+-------+-------+-------++-------
Melee: Dagger            |    81 |   176 |   520 |    62 ||   839
       Battleaxe         |       |       |     8 |    20 ||    28
       Glaive            |       |       |     5 |     9 ||    14
       Whip              |       |       |       |    20 ||    20
 Fire: Hunting sling     |    35 |     2 |    20 |     3 ||    60
       Blowgun           |       |    28 |    67 |     7 ||   102
Throw: Stone             |     4 |       |     1 |       ||     5
 Cast: Freeze            |    18 |    16 |    43 |     5 ||    82
       Ozocubu's Armour  |     1 |     5 |    22 |     5 ||    33
       Throw Frost       |       |    17 |     6 |       ||    23
       Conjure Flame     |       |       |    26 |     3 ||    29
       Throw Icicle      |       |       |     4 |     7 ||    11
  Use: Scroll            |       |    10 |     9 |     8 ||    27
       Potion            |       |     1 |     5 |     1 ||     7
 Stab: Sleeping          |     6 |     3 |     4 |       ||    13
       Distracted        |       |     1 |       |       ||     1
  Eat: Chunk             |     2 |     9 |    17 |     7 ||    35
       Pizza             |       |       |     2 |       ||     2
       Fruit             |       |       |     1 |       ||     1
       Royal jelly       |       |       |     1 |       ||     1
